 Dungeon Crawl Stone Soup version 0.24.0-125-gc4c63601f3 (webtiles) character file.

Game seed: 11526899706770268469, levelgen mode: deterministic

34592 Frank2 the Basher (level 13, -5/106 HPs)
             Began as a Demonspawn Gladiator on Mar 4, 2020.
             Was a High Priest of Ru.
             Killed from afar by a frost giant (39 damage)
             ... with a bolt of cold
             ... in an ice cave.
             The game lasted 00:33:32 (12343 turns).

Frank2 the Basher (Demonspawn Gladiator)           Turns: 12343, Time: 00:33:32

Health: -5/106     AC: 16    Str: 15    XL:     13   Next: 43%
Magic:  5/5        EV: 18    Int: 10    God:    Ru [*****.]
Gold:   999        SH:  0    Dex: 19    Spells: 12/12 levels left

rFire    x . .     SeeInvis .   v - +5 demon whip "Spellbinder" {antimagic, MR+}
rCold    . . .     Gourm    .   (no shield)
rNeg     . . .     Faith    .   j - +3 leather armour
rPois    +         Spirit   .   (helmet unavailable)
rElec    .         Reflect  .   d - +2 cloak {MR+}
rCorr    .         Harm     .   i - +2 pair of gloves
MR       ++...                  (no boots)
Stlth    ++........             g - amulet of regeneration
HPRegen  0.67/turn              c - ring of poison resistance
MPRegen  0.09/turn              y - ring of stealth

@: no status effects
A: horns 3, yellow scales 2, cold resistance 1, screaming 1, augmentation 1, rot
immunity, freezing cloud immunity, unskilled 1, temperature sensitive
a: Draw Out Power, Power Leap, Apocalypse, Renounce Religion


You were in an ice cave.
You worshipped Ru.
Ru was extremely pleased with you.
You were very hungry.

You visited 3 branches of the dungeon, and saw 14 of its levels.
You also visited: Ossuary and Ice Cave.

You collected 999 gold pieces.

Inventory:

Hand Weapons
 v - the +5 demon whip "Spellbinder" (weapon) {antimagic, MR+}
   (You found it on level 4 of the Dungeon)

   It reduces the magical energy of the wielder, and disrupts the spells and
   magical abilities of those hit.
   Natural abilities and divine invocations are not affected.
   It affects your resistance to hostile enchantments.
 C - the +4 dagger of Duty {pierce, rN+ MP+9 SInv, unknown}
   (You found it on level 1 of the Lair of Beasts)

   It inflicts extra damage upon your enemies.
   It protects you from negative energy.
   It affects your magic capacity (+9).
   It lets you see invisible.
Missiles
 p - 2 throwing nets (quivered)
Armour
 d - a +2 cloak of magic resistance (worn)
 i - a +2 pair of gloves (worn)
 j - a +3 leather armour (worn)
Jewellery
 c - a ring of poison resistance (left hand)
 g - an amulet of regeneration (around neck)
 y - a ring of stealth (right hand)
Wands
 a - a wand of acid (4)
 w - a wand of random effects (7)
 E - a wand of iceblast (6)
 I - a wand of digging (4)
Scrolls
 e - 11 scrolls of teleportation
 k - a scroll of fear
 m - 5 scrolls of remove curse
 q - 4 scrolls of blinking
 u - 2 scrolls of enchant weapon
 B - a scroll of enchant armour
 H - a scroll of identify
Potions
 b - 3 potions of heal wounds
 h - 5 potions of curing
 l - 3 potions of mutation
 n - 2 potions of flight
 r - a potion of magic
 s - 2 potions of cancellation
 t - 2 potions of resistance {unknown}
 x - 4 potions of haste
 z - 3 potions of agility {unknown}
 A - 3 potions of brilliance {unknown}
 D - a potion of ambrosia {unknown}
Miscellaneous
 o - a lamp of fire (inert)
 F - a fan of gales (inert)
Comestibles
 f - 18 rations


   Skills:
 + Level 11.1 Fighting
 + Level 13.0 Maces & Flails
 - Level 1.5 Throwing
 + Level 5.2 Armour
 + Level 7.9 Dodging
 * Level 6.1 Evocations


You had 12 spell levels left.
You didn't know any spells.
Your spell library contained the following spells:

 Spells                   Type           Power        Failure   Level  Hunger
 Animate Skeleton         Necr           N/A          41%         1    ##.....
 Magic Dart               Conj           #...         41%         1    ##.....
 Pain                     Necr           #...         41%         1    ##.....
 Summon Small Mammal      Summ           #...         41%         1    ##.....
 Call Imp                 Summ           #.......     56%         2    ###....
 Searing Ray              Conj           #.....       56%         2    ###....
 Call Canine Familiar     Summ           #.......     80%         3    ####...
 Dazzling Spray           Conj/Hex       #.....       80%         3    ####...
 Regeneration             Chrm/Necr      #.........   80%         3    ####...
 Summon Guardian Golem    Hex/Summ       #.......     80%         3    ####...
 Vampiric Draining        Necr           #.........   80%         3    ####...
 Animate Dead             Necr           N/A          99%         4    #####..
 Force Lance              Conj/Tloc      #.......     99%         4    #####..
 Fulminant Prism          Conj/Hex       #.........   99%         4    #####..
 Iskenderun's Mystic Bla  Conj           #.......     99%         4    #####..
 Summon Ice Beast         Ice/Summ       #.......     99%         4    #####..
 Summon Lightning Spire   Summ/Air       #.......     99%         4    #####..


Dungeon Overview and Level Annotations

Branches:
Dungeon (9/15)             Temple (1/1) D:5            Lair (4/6) D:8
  Swamp (0/4) Lair:3        Snake (0/4) Lair:4          Orc (0/2) D:9
Ossuary (visited)           IceCv (1/1)

Altars:
Ashenzari
Cheibriados
Dithmenos
Elyvilon
Gozag
Hepliaklqana
Makhleb
Nemelex Xobeh
Okawaru
Qazlal
Ru
Trog
Uskayaw
Vehumet
Wu Jian
Xom
Yredelemnul
Zin
The Shining One


Innate Abilities, Weirdness & Mutations

You have a pair of large horns on your head.
You are mostly covered in yellow scales. (AC +3)
Your flesh is cold resistant. (rC+)
You occasionally shout uncontrollably at your foes.
Your magical and physical power is slightly enhanced at high health.
You are immune to rotting.
You are immune to freezing clouds.
You are somewhat unskilled. (-1 Apt)
You are sensitive to extremes of temperature. (rF-, rC-)


Message History

The polar bear begins to attack, but is stunned by your will!
Evoke which item? (* to show all) (? for menu, Esc to quit)
Aiming: Corrosive Bolt
Press: ? - help, Shift-Dir - straight line, f/p - frost giant
Aim: a frost giant, wielding a +0 battleaxe of freezing (severely wounded, covered in acid)
The bolt of acid hits the frost giant!
The frost giant is splashed with acid.
The frost giant seems to be corroded for longer.
The frost giant is severely wounded.
A polar bear comes into view.
The frost giant casts a spell at you. The bolt of cold misses you.
Evoke which item? (* to show all) (? for menu, Esc to quit)
Aiming: Corrosive Bolt
Press: ? - help, Shift-Dir - straight line, f/p - frost giant
Aim: a frost giant, wielding a +0 battleaxe of freezing (severely wounded, covered in acid)
The bolt of acid hits the frost giant!
The frost giant is splashed with acid.
The frost giant is almost dead.
The frost giant points at you and mumbles some strange words.
The bolt of cold hits you!!!
You die... #≈≈≈≈≈##†## ###≈≈≈≈≈≈##.# ##.##≈≈#≈ ##†# #..†h#≈## #.†# #..##†#≈.###..# #.. #h###.#...# ... #h##[.#...# CY.

##C###...##
hh
#@###..## h
##.##.##
#.##..#
##.##.##
##.##..##
##.####..#
#.## ##.#
##.#####.#
#.#.#.#.#


You could see a frost giant and 3 polar bears.

Vanquished Creatures
  4 hydras
  A two-headed ogre (D:9)
  A death yak (IceCv)
  Urug (Lair:1)
  Sonja (Lair:1)
  The ghost of Schattenjager the Zephyrmancer, a novice TeAE of Vehumet (D:6)
  6 elephants (Lair:3)
  4 oklob plants (Lair:1)
  An ice statue (IceCv)
  4 black mambas
  6 spiny frogs
  6 komodo dragons
  Grinder (D:4)
  9 polar bears (IceCv)
  7 blink frogs
  3 hippogriffs
  Sigmund (D:5)
  3 basilisks (Lair:2)
  Grum (Lair:1)
  32 yaks
  A hungry ghost (D:9)
  A swamp worm (Lair:3)
  A two-headed ogre zombie (D:9)
  3 nagas (Lair:4)
  4 porcupines
  9 water moccasins
  3 orc warriors
  3 phantoms
  4 black bears
  12 ice beasts
  3 sky beasts
  7 ogres
  25 wolves
  A centaur (D:8)
  2 big kobolds (D:8)
  9 crocodiles
  11 bullfrogs
  2 gnoll sergeants
  2 scorpions (D:9)
  5 killer bees (D:9)
  6 wights (D:9)
  A howler monkey (D:3)
  4 crimson imps
  2 centaur zombies
  A quasit (D:5)
  5 hounds
  3 jellies
  7 orc priests
  Terence (D:2)
  6 iguanas
  6 orc wizards
  6 worker ants
  6 ogre zombies (D:9)
  2 hound skeletons
  5 mummies (Ossuary)
  Robin (D:2)
  14 gnolls
  9 adders
  2 shadow imps (D:6)
  An ooze (D:4)
  2 adder zombies (D:7)
  A worm (D:2)
  2 dart slugs
  5 leopard geckos
  46 orcs
  2 ball pythons
  6 giant cockroaches
  A gnoll zombie (Ossuary)
  21 goblins
  8 hobgoblins
  7 jackals
  4 quokkas
  11 bats
  7 frilled lizards
  A goblin skeleton (D:9)
  5 goblin zombies
  8 hobgoblin zombies
  A jackal skeleton (D:4)
  14 kobolds
  2 kobold zombies (Ossuary)
  An orc skeleton (D:9)
  12 orc zombies
  A quokka skeleton (D:7)
  9 rats
  A fungus (Lair:2)
467 creatures vanquished.

Vanquished Creatures (collateral kills)
  2 blink frogs (Lair:4)
  An orc skeleton (D:9)
3 creatures vanquished.

Vanquished Creatures (others)
  An eldritch tentacle (Lair:4)
  2 polar bears (IceCv)
  4 yaks (IceCv)
  4 wolves (IceCv)
  A ball lightning (D:9)
  A fungus (Lair:1)
  6 plants
19 creatures vanquished.

Grand Total: 489 creatures vanquished

Notes
Turn   | Place    | Note
-------+----------+-------------------------------------------
     0 | D:1      | Frank2 the Demonspawn Gladiator began the quest for the
                  | Orb.
     0 | D:1      | Reached XP level 1. HP: 16/16 MP: 1/1
   155 | D:1      | Reached skill level 3 in Maces & Flails
   188 | D:1      | Gained mutation: You have a pair of small horns on your
                  | head. [demonic ancestry]
   188 | D:1      | Reached XP level 2. HP: 13/22 MP: 2/2
   901 | D:2      | Gained mutation: You have a pair of horns on your head.
                  | [demonic ancestry]
   901 | D:2      | Reached XP level 3. HP: 27/27 MP: 3/3
   934 | D:2      | Found a stormy altar of Qazlal.
  1239 | D:2      | Noticed Robin
  1248 | D:2      | Killed Robin
  1248 | D:2      | Reached skill level 1 in Armour
  1248 | D:2      | Gained mutation: You are partially covered in yellow
                  | scales. (AC +2) [demonic ancestry]
  1248 | D:2      | Reached XP level 4. HP: 33/33 MP: 4/4
  1481 | D:2      | Noticed Terence
  1489 | D:2      | Killed Terence
  1489 | D:2      | Reached skill level 4 in Maces & Flails
  1854 | D:3      | Gained mutation: Your flesh is cold resistant. (rC+)
                  | [demonic ancestry]
  1854 | D:3      | Reached XP level 5. HP: 39/39 MP: 5/5
  2551 | D:4      | Reached XP level 6. HP: 34/46 MP: 6/6
  2565 | D:4      | Reached skill level 5 in Maces & Flails
  2579 | D:4      | Got an ichor-stained scale mail
  2590 | D:4      | Identified the +2 scale mail of Huih {rElec Str-4 Dex+5}
                  | (You found it on level 4 of the Dungeon)
  2616 | D:4      | Found a glowing golden altar of the Shining One.
  2636 | D:4      | Noticed Grinder
  2664 | D:4      | Killed Grinder
  2664 | D:4      | Gained mutation: You are immune to rotting. [demonic
                  | ancestry]
  2664 | D:4      | Reached XP level 7. HP: 32/52 MP: 7/7
  2789 | D:4      | Reached skill level 6 in Maces & Flails
  2970 | D:4      | Found the +5 demon whip "Spellbinder" {antimagic, MR+}
  3130 | D:4      | Found a shimmering altar of Xom.
  3130 | D:4      | Found a burning altar of Makhleb.
  3133 | D:4      | Reached XP level 8. HP: 60/60 MP: 2/8
  3391 | D:5      | Entered Level 5 of the Dungeon
  3469 | D:5      | Found a sand-covered staircase.
  3485 | Ossuary  | Entered an ossuary
  3582 | Ossuary  | Reached skill level 7 in Maces & Flails
  3770 | D:5      | Found a staircase to the Ecumenical Temple.
  3786 | D:5      | Reached skill level 5 in Dodging
  3876 | D:5      | Noticed Sigmund
  3884 | D:5      | Killed Sigmund
  4149 | D:6      | Found a runed translucent door.
  4256 | D:6      | Reached skill level 8 in Maces & Flails
  4409 | D:6      | Noticed Schattenjager's ghost (novice TeAE)
  4538 | D:6      | Found a shadowy altar of Dithmenos.
  4581 | D:6      | Reached skill level 5 in Fighting
  4581 | D:6      | Gained mutation: You have a pair of large horns on your
                  | head. [demonic ancestry]
  4581 | D:6      | Reached XP level 9. HP: 59/68 MP: 3/9
  4885 | D:6      | Killed Schattenjager's ghost
  4885 | D:6      | Reached skill level 9 in Maces & Flails
  5269 | D:7      | Reached skill level 10 in Maces & Flails
  5389 | D:7      | Found a hazy altar of Hepliaklqana.
  5389 | D:7      | Found a white marble altar of Elyvilon.
  5479 | D:8      | Gained mutation: You are mostly covered in yellow scales.
                  | (AC +3) [demonic ancestry]
  5479 | D:8      | Reached XP level 10. HP: 75/77 MP: 3/10
  5851 | D:8      | Found a staircase to the Lair.
  6374 | D:9      | Reached skill level 11 in Maces & Flails
  6446 | D:9      | Found a staircase to the Orcish Mines.
  7009 | D:9      | Noticed a two-headed ogre
  7020 | D:9      | Killed a two-headed ogre
  7474 | Temple   | Entered the Ecumenical Temple
  7610 | Temple   | Became a worshipper of Ru the Awakened
  7736 | Lair:1   | Entered Level 1 of the Lair of Beasts
  7740 | Lair:1   | Noticed Urug
  7752 | Lair:1   | Killed Urug
  7752 | Lair:1   | Reached skill level 12 in Maces & Flails
  7752 | Lair:1   | Gained mutation: You are immune to freezing clouds.
                  | [demonic ancestry]
  7752 | Lair:1   | Reached XP level 11. HP: 55/86 MP: 3/11
  7840 | Lair:1   | Noticed an oklob plant
  7891 | Lair:1   | Noticed Grum
  7918 | Lair:1   | Killed Grum
  8118 | Lair:1   | Noticed Sonja
  8248 | Lair:1   | Killed Sonja
  8359 | Lair:1   | Reached skill level 1 in Evocations
  8723 | Lair:2   | Gained mutation: You occasionally shout uncontrollably at
                  | your foes. [Ru sacrifice]
  9302 | Lair:2   | Noticed a six-headed hydra
  9313 | Lair:2   | HP: 3/89 [six-headed hydra (13)]
  9315 | Lair:2   | Killed a six-headed hydra
  9515 | Lair:2   | Reached skill level 5 in Armour
  9745 | Lair:3   | Reached skill level 13 in Maces & Flails
  9745 | Lair:3   | Gained mutation: Your magical and physical power is
                  | slightly enhanced at high health. [demonic ancestry]
  9745 | Lair:3   | Reached XP level 12. HP: 87/97 MP: 4/14
  9783 | Lair:3   | Noticed an eight-headed hydra
  9914 | Lair:3   | Reached skill level 10 in Fighting
 10051 | Lair:3   | Killed an eight-headed hydra
 10115 | Lair:3   | Gained mutation: You are sensitive to extremes of
                  | temperature. (rF-, rC-) [Ru sacrifice]
 10115 | Lair:3   | Reached * piety under Ru
 10115 | Lair:3   | Reached ** piety under Ru
 10115 | Lair:3   | Reached *** piety under Ru
 10139 | Lair:3   | Reached skill level 5 in Evocations
 10265 | Lair:3   | Noticed a six-headed hydra
 10274 | Lair:3   | Killed a six-headed hydra
 10575 | Lair:3   | Found a staircase to the Swamp.
 11172 | Lair:1   | Got an ancient dagger
 11243 | Lair:3   | Noticed a four-headed hydra
 11255 | Lair:3   | Killed a four-headed hydra
 11446 | Lair:4   | Reached XP level 13. HP: 100/106 MP: 5/17
 11517 | Lair:4   | Found a staircase to the Snake Pit.
 11758 | Lair:4   | Found a frozen archway.
 11804 | IceCv    | Entered an ice cave
 12078 | IceCv    | Gained mutation: You are somewhat unskilled. (-1 Apt) [Ru
                  | sacrifice]
 12078 | IceCv    | Reduced skill Fighting to level 10
 12078 | IceCv    | Reduced skill Maces & Flails to level 12
 12078 | IceCv    | Reduced skill Evocations to level 5
 12078 | IceCv    | Reached **** piety under Ru
 12078 | IceCv    | Reached ***** piety under Ru
 12316 | IceCv    | Reached skill level 13 in Maces & Flails
 12317 | IceCv    | Noticed a frost giant
 12339 | IceCv    | HP: 3/106 [frost giant/+0 battleaxe of freezing (7)]
 12343 | IceCv    | Killed from afar by a frost giant

Levels and vault maps discovered:
D:1:      dpeg_arrival_line_fractal, layout_loops_ring
D:2:      kennysheep_the_goblin_king, layout_loops_corners,
          nicolae_qazlal_eye_of_the_storm, uniq_robin, uniq_terence
D:3:      layout_loops_ring
D:4:      layout_loops_ring, grunt_temple_overflow_champion_of_chaos,
          kennysheep_little_box, first_ration, uniq_grinder
D:5:      layout_cave_pools, minmay_temple_entry_crystal_x, enter_ossuary_1,
          uniq_sigmund
D:6:      layout_basic, grunt_dithmenos_shadows, ebering_ghost_sewer_d
D:7:      layout_loops_ring, gammafunk_temple_overflow_pools, minmay_misc_feat_x
D:8:      layout_cave_pods, grunt_lair_entry_orc_guard_hut, special_room
          [special_room_orc]
D:9:      layout_stronghold, zombieorc2_lemuel
Temple:   regret_index_temple_generic_petals
Lair:1:   layout_long_grid, infiniplex_staircase_pool_2,
          minmay_lair_oklob_chamber, serial_bayou_shore_b, uniq_urug,
          uniq_sonja, uniq_grum
Lair:2:   layout_cave_pods, minmay_shattered_shrine, grunt_megastairs_5
Lair:3:   layout_chaotic_city, palyth_hydra_swamp_entry,
          cheibrodos_lair_reptile_den
Lair:4:   layout_regular_city, guppyfry_snake_entry_garden,
          portal_ice_cave_entry_ice_beasts
IceCv:    ice_cave_caverns_02

Skill      XL: |  1  2  3  4  5  6  7  8  9 10 11 12 13 |
---------------+----------------------------------------+-----
Maces & Flails | 3 4 5 6 8 10 12 13 13 | 13.0
Dodging        | 3 4 5 6 8 7 |  7.9
Armour         | 1 2 3 4 5 |  5.2
Fighting       | 3 5 6 8 9 11 11 | 11.1
Evocations     | 3 6 6 |  6.1
Throwing       | |  1.5

Action                   |  1- 3 |  4- 6 |  7- 9 | 10-12 | 13-15 || total
-------------------------+-------+-------+-------+-------+-------++-------
Melee: Flail             |   124 |   188 |    62 |       |       ||   374
       Headbutt          |    13 |    31 |    57 |   180 |    74 ||   355
       Demon whip        |       |       |   271 |   708 |   261 ||  1240
Throw: Throwing net      |       |     4 |       |     1 |       ||     5
Invok: Sacrifice Purity  |       |       |       |     1 |       ||     1
       Sacrifice Resista |       |       |       |     1 |       ||     1
       Sacrifice Skill   |       |       |       |       |     1 ||     1
Evoke: Wand              |       |       |       |    12 |     8 ||    20
       Lamp of fire      |       |       |       |     2 |       ||     2
       Fan of gales      |       |       |       |       |     1 ||     1
  Use: Scroll            |     4 |     3 |     9 |     4 |       ||    20
       Potion            |       |       |     3 |     5 |     1 ||     9
 Stab: Sleeping          |     1 |     2 |     3 |     1 |     2 ||     9
       Held in net/web   |       |     1 |       |       |       ||     1
       Invisible         |       |       |       |     1 |       ||     1
       Distracted        |       |       |       |       |     3 ||     3
  Eat: Chunk             |     1 |     4 |     6 |    10 |     1 ||    22
       Ration            |       |       |     1 |     5 |       ||     6
Armor: Leather armour    |    17 |    52 |    69 |   168 |    42 ||   348
       Ring mail         |    24 |    38 |       |       |       ||    62
       Skin              |       |     1 |       |       |       ||     1
Dodge: Dodged            |    98 |   165 |   138 |   416 |   135 ||   952
